 Dungeon Crawl Stone Soup version 0.29.0-13-gc9e81de378 (webtiles) character file.

Game seed: 5169544466844978357

2 keekatzer the Caller (level 1, -2/14 HPs)
             Began as a Ghoul Summoner on Sept 9, 2022.
             Slain by a quokka (3 damage)
             ... on level 1 of the Dungeon.
             The game lasted 00:01:48 (195 turns).

keekatzer the Caller (Ghoul Summoner)                Turns: 195, Time: 00:01:48

Health: -2/14      AC:  2    Str: 11    XL:     1   Next: 40%
Magic:  0/2        EV: 12    Int: 10    God:
Gold:   0          SH:  0    Dex:  9    Spells: 2/3 levels left

rFire   . . .      SeeInvis .   c - +0 dagger
rCold   + . .      Faith    .   (no shield)
rNeg    + + +      Spirit   .   a - +0 robe
rPois   ∞          Reflect  .   (no helmet)
rElec   .          Harm     .   (no cloak)
rCorr   .          Rampage  .   (no gloves)
Will    .....                   (no boots)
Stlth   ++........              (no amulet)
HPRegen 0.00/turn               (no ring)
MPRegen 0.08/turn               (no ring)

@: inhibited regen
A: claws 1, cold resistance 1, negative energy resistance 3, inhibited
regeneration, torment resistance 2, devour on kill
a: no special abilities


You were on level 1 of the Dungeon.
You visited 1 branch of the dungeon, and saw 1 of its levels.

Inventory:

Hand Weapons
 c - a +0 dagger (weapon)
Armour
 a - a +0 robe (worn)
Potions
 b - a potion of magic


   Skills:
 + Level 0.1 Fighting
 + Level 1.8 Dodging
 + Level 2.2 Stealth
 + Level 1.8 Spellcasting
 + Level 3.6 Summonings


You had 2 spell levels left.
You knew the following spells:

 Your Spells              Type           Power      Damage    Failure   Level
a - Summon Small Mammal   Summ           32%        N/A       7%          1

Your spell library contained the following spells:

 Spells                   Type           Power      Damage    Failure   Level
 Call Imp                 Summ           8%         N/A       11%         2
 Call Canine Familiar     Summ           8%         N/A       22%         3
 Summon Guardian Golem    Hex/Summ       4%         N/A       41%         3
 Summon Lightning Spire   Summ/Air       4%         N/A       83%         4


Dungeon Overview and Level Annotations

Branches:
Dungeon (1/15)

Altars:


Innate Abilities, Weirdness & Mutations

You are immune to poison.
You have sharp fingernails.
Your flesh is cold resistant. (rC+)
You are immune to negative energy. (rN+++)
You do not regenerate when monsters are visible.
You are immune to unholy pain and torment.
You thrive by killing the living.


Message History

Your rat bites the endoplasm but does no damage.
You hit the endoplasm.
You kill the endoplasm!
The frilled lizard bites you.
Your rat bites the frilled lizard.
The frilled lizard dies!
You miss the quokka. Your bat misses the quokka. The quokka bites you.
Your rat bites the quokka but does no damage.
The quokka barely misses you.
You closely miss the quokka. Your bat hits the quokka. The quokka bites you.
* * * LOW HITPOINT WARNING * * *
Your bat completely misses the quokka.
Your rat closely misses the quokka.
You completely miss the quokka.
The quokka is lightly wounded.
Your bat hits the quokka but does no damage. x2
The quokka closely misses your bat.
Your rat barely misses the quokka.
Casting: Summon Small Mammal (safe; 7% risk of failure)
Confirm with . or Enter, or press ? or * to list all spells.
Your rat disappears in a puff of smoke!
Your bat hits the quokka.
The quokka bites you but does no damage.
You hit the quokka.
The quokka is heavily wounded.
Your bat hits the quokka but does no damage.
Your bat barely misses the quokka.
The quokka barely misses you.
Your bat hits the quokka.
Your rat barely misses the quokka.
You closely miss the quokka.
The quokka is severely wounded.
Your bat hits the quokka but does no damage.
The quokka bites you.
* * * LOW HITPOINT WARNING * * *
The quokka closely misses you.
Your rat misses the quokka. You closely miss the quokka.
The quokka is heavily wounded.
The quokka closely misses you.
Your rat bites the quokka.
Your bat closely misses the quokka.
You barely miss the quokka.
The quokka is severely wounded.
Your bat barely misses the quokka.
Your bat closely misses the quokka.
The quokka bites you.
You die...

.#...#..#..#.#..#.. .#
......##.##..##.####
..##. #...#..#..#.#...#
...#...##.†#...#..###.#
.....#......#..#.#.###.
8 ....##......##.##..##
?.. ......#...#.##.#...
.....##.##..#...#.######
8....rr@..#...#..#...#.#
#...#b†.#.#....##.###.#.
. #...###...##...#.#.##
#...#....#....##.##.##.
......#......#...##.#..#
########################


You could see a quokka (ally target), a friendly bat (summoned) and a friendly
rat (summoned).

Vanquished Creatures
  An endoplasm (D:1)
1 creature vanquished.

Vanquished Creatures (collateral kills)
  A ball python (D:1)
  A frilled lizard (D:1)
2 creatures vanquished.

Grand Total: 3 creatures vanquished

Notes
Turn   | Place    | Note
-------+----------+-------------------------------------------
     0 | D:1      | keekatzer the Ghoul Summoner began the quest for the Orb.
     0 | D:1      | Reached XP level 1. HP: 14/14 MP: 2/2
   195 | D:1      | Slain by a quokka

Illustrated notes

Levels and vault maps discovered:
D:1:      erik_arrival_cave_to_civilisation [erik_arrival_cave_to_temple],
          layout_basic, minmay_heptomino_h4

Action                   || total
-------------------------++-------
Melee: Dagger            ||    13
       Unarmed           ||     1
 Cast: Summon Small Mamm ||     5
Armor: Robe              ||     1
Dodge: Dodged            ||     9
